slyhack, chaotic female human Rogue ----- ....| -------- |...| |......| |...| |...[.<. |....######################## |......| |...|# # -----------.- ----.--- #-.---# |`.........`| # ##### |.....`.....| ## ### |...-----...| ## # |...|.{.|...| ### # |..`|{.{.`..| # ### |...|.{.|...| #### #----- ....-----....####f@B -.` # # ###|...| |.....`.....| -.---- ####....| |`.........`| |....|### |...| ------------- |.....#####.....##)##### |....| ----- ------ slyhack the Cutpurse Experience level: 5 Strength: 18/01 Dexterity: 18 Constitution: 13 Intelligence: 10 Wisdom: 8 Charisma: 8 Health: 0(32) Energy: 17(17) Def: 6 Gold: 0 Moves: 2120 Dungeon seed: -I_OCrmJJZ4FGbcF Game ID: slyhack_1476713971 Your Inventory: Weapons a - an uncursed +0 short sword (weapon in hand) b - 7 uncursed +0 daggers (in quiver) f - 6 uncursed +0 darts p - an uncursed +0 orcish dagger named nc x - 4 blessed +0 daggers y - 6 uncursed +0 daggers F - an uncursed +1 dagger Armor e - an uncursed +1 leather armor (being worn) n - an uncursed +0 orcish helm (being worn) z - an uncursed +0 dwarvish cloak G - a blessed +0 dwarvish cloak O - an uncursed +0 pair of iron shoes (being worn) Y - an uncursed +0 dwarvish cloak (being worn) Comestibles i - 4 uncursed food rations v - 3 uncursed eggs A - 2 uncursed tripe rations R - an uncursed fortune cookie S - an uncursed lichen corpse Wands Z - an uncursed wand of speed monster (0:6) Tools g - an uncursed blindfold j - an uncursed tin whistle k - an uncursed lock pick w - an uncursed magic whistle B - an uncursed sack E - an uncursed +0 pick-axe I - an uncursed tallow candle (0:200) W - an uncursed tin whistle Gems q - an uncursed worthless piece of violet glass r - an uncursed jade stone H - an uncursed worthless piece of black glass N - an uncursed worthless piece of red glass Q - an uncursed garnet stone T - an uncursed worthless piece of green glass Contents of the sack: 55 gold pieces 2 blessed scrolls of blank paper an uncursed scroll of blank paper a cursed scroll of blank paper a cursed scroll of confuse monster an uncursed scroll of destroy armor an uncursed scroll of enchant armor 2 uncursed scrolls of food detection a cursed scroll of identify a cursed scroll of stinking cloud an uncursed potion of booze an uncursed potion of fruit juice an uncursed potion of healing an uncursed potion of levitation an uncursed potion of see invisible an uncursed potion of sickness a blessed potion of speed Spells and supernatural/magical abilities: Name Level Category Fail Memory W - pray for help -- divine ? -- Your skills at the end: Fighting Skills Weapon Skills dagger [Basic] short sword [Basic] Spellcasting Skills Final Attributes: You were piously aligned. You were telepathic. You were stealthy. You were lucky. You are dead. Vanquished creatures: a fire ant a mountain nymph 2 fog clouds a gnome lord a gnomish wizard a paper golem a little dog a floating eye a kitten 3 dwarves a kobold lord a rothe 2 giant bats a werejackal 2 yellow molds 9 gnomes 12 garter snakes a gnome zombie 3 geckos 8 jackals 4 goblins a grid bug 2 bats 8 lichens a newt 69 creatures vanquished. Voluntary challenges: You were an atheist. You used a wielded weapon 38 times, starting on turn 19. You were illiterate. You never genocided any monsters. You never polymorphed an object. You never changed form. You used no wishes. You never split a pudding. You never wrote Elbereth's name. You never violated your personal moral code. Dungeon overview: The Dungeons of Doom: levels 1 to 7 Level 1 a long staircase Level 2 a fountain, a sink Level 3 stairs to The Gnomish Mines Level 4 Level 5 Level 6 a sink Level 7 <- You were here many fountains The Gnomish Mines: levels 4 to 5 Level 4 stairs to The Dungeons of Doom Level 5 History has recorded: On T:1 you entered the Dungeons of Doom to retrieve the Amulet of Yendor! On T:221 you advanced to experience level 2. On T:229 you reached level 2 of The Dungeons of Doom. On T:460 you reached level 3 of The Dungeons of Doom. On T:461 you advanced to experience level 3. On T:806 you reached level 1 of The Gnomish Mines. On T:885 you reached level 2 of The Gnomish Mines. On T:910 you advanced to experience level 4. On T:993 you advanced to experience level 5. On T:1282 you reached level 4 of The Dungeons of Doom. On T:1394 you reached level 5 of The Dungeons of Doom. On T:1429 you reached level 6 of The Dungeons of Doom. On T:1524 you reached level 7 of The Dungeons of Doom. Score breakdown: Gold: 55 ( 5946 points) Experience: 5 levels (11141 points) Exploration: 7 levels ( 14.58%) (10718 points) Discoveries: 3 items ( 1.01%) ( 3010 points) Valuables value: (no points given unless you survive) Artifact value: 0 ( 0 points) Variety of kills: 25 monsters ( 6.56%) ( 7684 points) Turncount: 2120 turns ( -87 points) Survival: died (score multiplied by 80%) Total score: 30729 Latest messages: You kill the mountain nymph! You displace Archaea. You see here a statue of a plains centaur. You have a little trouble lifting b - 4 uncursed +0 daggers (in quiver). You see here a statue of a plains centaur. The fire ant bites! (2x) You're on fire! You throw 2 daggers. The 1st dagger hits the fire ant! The 2nd dagger misses the fire ant. The fire ant bites! (4x) Archaea bites the fire ant. The fire ant is killed! You have a little trouble lifting b - 2 uncursed +0 daggers (in quiver). The gnome zombie misses. You destroy the gnome zombie! You hit the giant bat. The giant bat bites! (3x) You hit the giant bat! The giant bat bites! (2x) You die... Final status: Goodbye slyhack the Rogue, killed by a giant bat... You died in The Dungeons of Doom on dungeon level 7 with 30729 points, and 55 pieces of gold, after 2120 moves. You were level 5 with a maximum of 32 hit points when you died.